 Seeded DCSS version 0.28-a0-1429-gf3d713df7a (webtiles) character file.

Game seed: 10120221861122298898 (custom seed)

149 flotson the Chopper (level 5, -4/41 HPs)
             Began as a Demonspawn Gladiator on Jan 9, 2022.
             Slain by a scorpion (6 damage)
             ... on level 3 of the Dungeon.
             The game lasted 00:03:44 (2467 turns).

flotson the Chopper (Demonspawn Gladiator)          Turns: 2467, Time: 00:03:44

Health: -4/41      AC:  5    Str: 22    XL:     5   Next: 9%
Magic:  5/5        EV: 16    Int: 10    God:
Gold:   110        SH:  9    Dex: 14    Spells: 4/4 levels left

rFire   . . .      SeeInvis .   a - +0 halberd
rCold   . . .      Faith    .   (shield currently unavailable)
rNeg    . . .      Spirit   .   j - +0 leather armour
rPois   .          Reflect  +   c - +0 helmet
rElec   .          Harm     .   (no cloak)
rCorr   .          Rampage  .   i - +0 pair of gloves
Will    .....                   (no boots)
Stlth   +.........              f - amulet of reflection
HPRegen 0.13/turn               v - +6 ring of strength
MPRegen 0.09/turn               x - +4 ring of evasion

@: lethally poisoned (-4 -> -12)
A: powered by pain 1, condensation shield
a: no special abilities


You were on level 3 of the Dungeon.
You visited 1 branch of the dungeon, and saw 3 of its levels.

You collected 110 gold pieces.

Inventory:

Hand Weapons
 a - a +0 halberd (weapon)
 b - a +0 hunting sling
 t - a +0 war axe
Missiles
 d - 3 throwing nets (quivered)
 k - 165 stones
Armour
 c - a +0 helmet (worn)
 i - a +0 pair of gloves (worn)
 j - a +0 leather armour (worn)
Jewellery
 f - an amulet of reflection (around neck)
 q - a ring of protection from cold
 v - a +6 ring of strength (left hand)
 x - a +4 ring of evasion (right hand)
Scrolls
 e - 4 scrolls of identify {unknown}
 l - a scroll of torment {unknown}
 m - a scroll of fog {unknown}
 n - a scroll of vulnerability {unknown}
 o - 2 scrolls of immolation {unknown}
 r - a scroll of silence {unknown}
 w - a scroll of fear {unknown}
 y - a scroll of noise {unknown}
Potions
 g - 2 potions of curing {unknown}
 h - 2 potions of magic {unknown}
 p - a potion of mutation {unknown}
 s - 2 potions of might {unknown}
 u - a potion of berserk rage {unknown}
 z - 2 potions of brilliance {unknown}


   Skills:
 + Level 3.0 Fighting
 + Level 3.5 Axes
 + Level 2.7 Throwing
 + Level 1.0 Armour
 + Level 3.4 Dodging


You had 4 spell levels left.
You didn't know any spells.
Your spell library contained the following spells:

 Spells                   Type           Power      Damage    Failure   Level
 Pain                     Necr           0%         1d4       41%         1
 Passage of Golubria      Tloc           0%         N/A       99%         4
 Agony                    Necr           0%         N/A       100%        5
 Excruciating Wounds      Necr           0%         N/A       100%        5
 Silence                  Hex/Air        0%         N/A       100%        5
 Lehudib's Crystal Spear  Conj/Erth      0%         10d2      100%        8


Dungeon Overview and Level Annotations

Branches:
Dungeon (3/15)

Altars:


Innate Abilities, Weirdness & Mutations

You sometimes gain a little power by taking damage.
A meltable shield of frost defends you. (SH +4)


Message History

You hear the rusting of a very distant drain.
There is a stone staircase leading down here.
A scorpion comes into view.
You shoot a stone. The stone hits the scorpion.
The scorpion is moderately wounded.
You shoot a stone. The stone hits the scorpion.
The scorpion is heavily wounded.
The scorpion misses you. The scorpion stings you.
You shoot a stone. The stone barely misses the scorpion.
The scorpion stings you.
You are poisoned.
The scorpion poisons you!
You shoot a stone. The stone barely misses the scorpion.
You feel very sick. The scorpion stings you.
You shoot a stone. The stone hits the scorpion.
The scorpion is severely wounded.
You feel very sick. You block the scorpion's attack. The scorpion stings you.
You are more poisoned.
The scorpion poisons you!
You are too injured to fight recklessly!
You are too injured to fight recklessly!
You are too injured to fight recklessly!
You are too injured to fight recklessly!
You are too injured to fight recklessly!
You are too injured to fight recklessly!
a - a +0 halberd (weapon)
You feel sick. You block the scorpion's attack.
You barely miss the scorpion.
The scorpion is severely wounded.
You feel very sick. The scorpion stings you!
* * * LOW HITPOINT WARNING * * *
You closely miss the scorpion.
The scorpion is severely wounded.
* * * LOW HITPOINT WARNING * * *
You feel very sick. You block the scorpion's attack. The scorpion stings you.
You die...

###.....# #.......#
#.......# ##
######......## ..
....##......# .#
....##†.....### .#
......)......># (#
....#########.###s#
....# #...@.# ....#
####### ....#
....### ..)...#
......# ......#
......# ......#


You could see a scorpion.

Vanquished Creatures
  An iguana (D:3)
  3 gnolls (D:2)
  An adder (D:2)
  2 dart slugs
  7 ball pythons
  12 endoplasms
  4 giant cockroaches
  3 goblins
  10 hobgoblins
  3 jackals (D:1)
  3 quokkas
  4 bats
  4 frilled lizards
  9 kobolds
  10 rats
76 creatures vanquished.

Notes
Turn   | Place    | Note
-------+----------+-------------------------------------------
     0 | D:1      | flotson the Demonspawn Gladiator began the quest for the
                  | Orb.
     0 | D:1      | Reached XP level 1. HP: 16/16 MP: 1/1
    69 | D:1      | Found a faded altar of an unknown god.
    93 | D:1      | Gained mutation: A meltable shield of frost defends you.
                  | (SH +4) [demonic ancestry]
    93 | D:1      | Reached XP level 2. HP: 17/22 MP: 2/2
   937 | D:1      | Reached XP level 3. HP: 28/28 MP: 3/3
  1569 | D:2      | Gained mutation: You sometimes gain a little power by
                  | taking damage. [demonic ancestry]
  1569 | D:2      | Reached XP level 4. HP: 34/34 MP: 4/4
  2351 | D:3      | Reached skill level 1 in Armour
  2351 | D:3      | Reached XP level 5. HP: 29/40 MP: 5/5
  2467 | D:3      | HP: 2/41 [poisoned by a scorpion]
  2467 | D:3      | Slain by a scorpion

Illustrated notes

Levels and vault maps discovered:
D:1:      saegor_arrival_simple_e, layout_loops_ring,
          hellmonk_ecumenical_altar_lost_god, minmay_small_reverse_x
D:2:      layout_loops_ring
D:3:      layout_basic, portal_sewer_entry_b

Skill      XL: |  1  2  3  4  5 |
---------------+----------------+-----
Throwing       | 2 |  2.7
Axes           | 3 |  3.5
Dodging        | 3 |  3.4
Armour         | 1 |  1.0
Fighting       | 3 |  3.0

Action                   |  1- 3 |  4- 6 || total
-------------------------+-------+-------++-------
Melee: War axe           |    70 |       ||    70
       Punch             |     1 |       ||     1
       Halberd           |       |     2 ||     2
 Fire: Hunting sling     |    90 |    73 ||   163
Armor: Leather armour    |    37 |     6 ||    43
Dodge: Dodged            |    71 |    18 ||    89
Block: Other             |    54 |    23 ||    77
       Reflection        |       |     1 ||     1

Table legend: (Time is in decaauts)
 A = Elapsed time spent in this place.
 B = Non-inter-level travel time spent in this place.
 C = Inter-level travel time spent in this place.
 D = Time resting spent in this place.
 E = Time spent auto-exploring this place.
 F = Levels seen in this place.
 G = Mean time per level.
                   A        B        C        D        E       F      G
               +--------+--------+--------+--------+--------+-----+--------+
         Total |   2508 |   2465 |     43 |      0 |   1856 |   3 |  836.0 |
       Dungeon |   2508 |   2465 |     43 |      0 |   1856 |   3 |  836.0 |
               +--------+--------+--------+--------+--------+-----+--------+

Top non-repeatable levels by time:
     D:1: 1205 daAuts
     D:2: 934 daAuts
     D:3: 367 daAuts
